 Dungeon Crawl Stone Soup version 0.27.1-2-g3b301248ec (webtiles) character file.

Game seed: 7043076819886248507

1232 ABBCCCDDDD the Skirmisher (level 8, -8/58 HPs)
             Began as an Octopode Abyssal Knight on Sept 28, 2021.
             Was a Priest of Lugonu.
             Killed from afar by a steam dragon (11 damage)
             ... with a ball of steam
             ... on level 7 of the Dungeon.
             The game lasted 00:07:03 (6689 turns).

ABBCCCDDDD the Skirmisher (Octopode Abyssal Knight) Turns: 6689, Time: 00:07:03

Health: -8/58      AC:  1    Str: 11    XL:     8   Next: 48%
Magic:  11/11      EV: 13    Int: 16    God:    Lugonu [***...]
Gold:   356        SH:  0    Dex: 10    Spells: 8/11 levels left

rFire    . . .     SeeInvis .   x - +2 long sword (venom)
rCold    . . .     Faith    .   (no shield)
rNeg     . . .     Spirit   .   (helmet restricted)
rPois    +         Reflect  .   (no amulet)
rElec    .         Harm     .   g - ring of poison resistance
rCorr    +         Rampage  .   q - ring of flight
Will     .....                  b - ring of resist corrosion
Stlth    ++........             (no ring)
HPRegen  0.19/turn              (no ring)
MPRegen  0.12/turn              (no ring)
                                (no ring)
                                (no ring)

@: flying
A: almost no armour, amphibious, 8 rings, camouflage 1, gelatinous body 1,
(nimble swimmer 1), tentacles, clumsy 1
a: Renounce Religion, Depart the Abyss, Bend Space, Banish


You were on level 7 of the Dungeon.
You worshipped Lugonu.
Lugonu was most pleased with you.
You visited 1 branch of the dungeon, and saw 7 of its levels.
You visited the Abyss 1 time.

You collected 356 gold pieces.

Inventory:

Hand Weapons
 a - a +1 falchion
 i - a +1 spear of venom
 u - the +6 whip of Linearity {flame, rF+ Dex+2}
   (You found it on level 5 of the Dungeon)

   It burns those it strikes, dealing additional fire damage.
   Dex:       It affects your dexterity (+2).
   rF:        It protects you from fire.
 x - a +2 long sword of venom (weapon)
Missiles
 w - a throwing net
Jewellery
 b - a ring of resist corrosion (on tentacle)
 g - a ring of poison resistance (left tentacle)
 q - a ring of flight (right tentacle)
Wands
 n - a wand of iceblast (4)
 s - a wand of flame (11)
 v - a wand of paralysis (6)
Scrolls
 c - 2 scrolls of fog
 d - a scroll of enchant armour
 f - a scroll of blinking {unknown}
 h - 2 scrolls of silence {unknown}
 t - a scroll of enchant weapon {unknown}
Potions
 e - a potion of lignification {unknown}
 j - a potion of brilliance {unknown}
 k - a potion of mutation
 l - a potion of magic {unknown}
 m - 2 potions of might {unknown}
 o - a potion of ambrosia {unknown}
 p - a potion of heal wounds
 r - 2 potions of curing {unknown}


   Skills:
 + Level 6.3 Fighting
 + Level 5.9 Long Blades
 - Level 2.3 Dodging
 - Level 2.0 Spellcasting
 + Level 3.5 Ice Magic
 - Level 2.0 Invocations
 + Level 3.8 Evocations


You had 8 spell levels left.
You knew the following spells:

 Your Spells              Type           Power      Damage    Failure   Level
a - Ozocubu's Armour      Ice            12%        N/A       14%         3

Your spell library contained the following spells:

 Spells                   Type           Power      Damage    Failure   Level
 Metabolic Englaciation   Hex/Ice        3%         N/A       95%         5
 Simulacrum               Ice/Necr       3%         N/A       100%        6


Dungeon Overview and Level Annotations

Branches:
Dungeon (7/15)             Temple (0/1) D:5

Altars:
Nemelex Xobeh
Zin

Shops:
D:1 =

Annotations:
D:5 exclusion: 3 ogres
D:6 Edmund, Grinder
D:7 exclusion: ice beast


Innate Abilities, Weirdness & Mutations

You cannot wear most types of armour.
You are amphibious.
You can wear up to eight rings at the same time.
Your skin changes colour to match your surroundings (Stealth+).
Your rubbery body absorbs attacks. (AC +1, EV +1)
((You are camouflaged near water. (Stealth+)))
You have tentacles for arms and can constrict up to eight enemies at once.
You are clumsy. (Dex -2)


Message History

A steam dragon is nearby!
A steam dragon is nearby!
Aiming: Throw Flame
Press: ? - help, Shift-Dir - straight line, f - steam dragon
Aim: a steam dragon (wandering, hasn't noticed you, 71% to hit)
The puff of flame hits the steam dragon!
The steam dragon is moderately wounded.
The steam dragon hisses angrily.
Aiming: Throw Flame
Press: ? - help, Shift-Dir - straight line, f/p - steam dragon
Aim: a steam dragon (moderately wounded, 71% to hit)
The puff of flame hits the steam dragon but does no damage.
The steam dragon is moderately wounded.
Aiming: Iceblast
Press: ? - help, Shift-Dir - straight line, p - steam dragon The mass of ice explodes!
The iceblast engulfs the steam dragon!
The steam dragon is heavily wounded.
The steam dragon breathes steam at you. The ball of steam hits you!!
The steam dragon breathes steam at you. The ball of steam hits you!
You are engulfed in a cloud of scalding steam.
Aiming: Paralyse
Press: ? - help, Shift-Dir - straight line, f - steam dragon
Aim: a steam dragon (steam, heavily wounded, chance to affect: 57%)
The steam dragon resists with significant effort.
Aiming: Paralyse
Press: ? - help, Shift-Dir - straight line, f/p - steam dragon
Aim: a steam dragon (heavily wounded, chance to affect: 57%)
The steam dragon resists with significant effort.
The steam dragon breathes steam at you. The ball of steam hits you!!
* * * LOW HITPOINT WARNING * * *
Aiming: Paralyse
Press: ? - help, Shift-Dir - straight line, f/p - steam dragon
Aim: a steam dragon (steam, heavily wounded, chance to affect: 57%)
The steam dragon resists with significant effort.
The steam dragon breathes steam at you. The ball of steam hits you!
You die...

#..# ##.#
#.## #..#
##§##
#.D#####.##
##§........
#.§####.##
#.@# ##.).#
#...#
##....
.###. .. #
#.# ..


You could see a steam dragon (catching breath).

Levels and vault maps discovered:
D:1:      grunt_arrival_lava_bath, layout_loops_cross, serial_shops, shop,
          minmay_heptomino_d4
D:2:      layout_basic, uniq_jessica
D:3:      layout_basic, nemelex_diamond_rough_becter,
          hellmonk_ecumenical_altar_inner_sanctum
D:4:      layout_cave_pools, minmay_goblin_outpost
D:5:      layout_loops_corners, zin_scriptorium, minmay_temple_entry_hall,
          grunt_ministairs_1
D:6:      layout_rooms, chequers_temple_overflow_minitemple, nrook_uturn,
          uniq_grinder, uniq_edmund
D:7:      minmay_evil_eye, layout_basic, mainiacjoe_overflow_chevrons,
          gammafunk_ghost_stat_death

Notes
Turn   | Place    | Note
-------+----------+-------------------------------------------
     0 | Abyss:1  | ABBCCCDDDD the Octopode Abyssal Knight began the quest for
                  | the Orb.
     0 | Abyss:1  | Reached XP level 1. HP: 16/16 MP: 2/2
    71 | Abyss:1  | Noticed a ynoxinul
    77 | Abyss:1  | Noticed a small abomination
    80 | Abyss:1  | Noticed an efreet
    82 | D:1      | Escaped the Abyss
   275 | D:1      | Found Maegh's Jewellery Boutique.
   286 | D:1      | Reached XP level 2. HP: 17/21 MP: 3/3
   406 | D:1      | Reached * piety under Lugonu
  1012 | D:2      | Noticed Jessica
  1017 | D:1      | Reached XP level 3. HP: 25/26 MP: 4/4
  1310 | D:2      | Reached skill level 4 in Fighting
  1310 | D:2      | Reached XP level 4. HP: 33/33 MP: 5/5
  1944 | D:2      | Killed Jessica
  1945 | D:2      | Reached XP level 5. HP: 38/38 MP: 6/6
  2270 | D:3      | Reached ** piety under Lugonu
  2532 | D:3      | Found a faded altar of an unknown god.
  2738 | D:3      | Found a sparkling altar of Nemelex Xobeh.
  3047 | D:4      | Reached skill level 5 in Fighting
  3084 | D:4      | Reached XP level 6. HP: 45/45 MP: 7/7
  3212 | D:4      | Learned a level 3 spell: Ozocubu's Armour
  3556 | D:4      | Reached skill level 1 in Evocations
  3857 | D:4      | Reached skill level 1 in Spellcasting
  3857 | D:4      | Reached skill level 1 in Ice Magic
  4295 | D:5      | Entered Level 5 of the Dungeon
  4304 | D:5      | Reached XP level 7. HP: 47/50 MP: 8/8
  4978 | D:5      | Found a glowing silver altar of Zin.
  5179 | D:5      | Identified the +6 whip of Linearity {flame, rF+ Dex+2}
  5258 | D:5      | Reached skill level 5 in Long Blades
  5316 | D:5      | Found a staircase to the Ecumenical Temple.
  5852 | D:6      | Noticed Grinder
  5852 | D:6      | Paralysed by Grinder for 4 turns
  5855 | D:6      | Noticed Edmund
  5861 | D:6      | Paralysed by Grinder for 5 turns
  6440 | D:7      | Noticed a basilisk
  6451 | D:7      | Killed a basilisk
  6452 | D:7      | Reached skill level 6 in Fighting
  6452 | D:7      | Reached XP level 8. HP: 57/57 MP: 11/11
  6546 | D:7      | Gained mutation: You are clumsy. (Dex -2) [potion of
                  | mutation]
  6546 | D:7      | HP: 2/57 [phantom (4)]
  6570 | D:7      | Reached *** piety under Lugonu
  6686 | D:7      | HP: 2/58 [something/ball of steam (18)]
  6689 | D:7      | Killed from afar by a steam dragon

Table legend: (Time is in decaauts)
 A = Elapsed time spent in this place.
 B = Non-inter-level travel time spent in this place.
 C = Inter-level travel time spent in this place.
 D = Time resting spent in this place.
 E = Time spent auto-exploring this place.
 F = Levels seen in this place.
 G = Mean time per level.
                   A        B        C        D        E       F      G
               +--------+--------+--------+--------+--------+-----+--------+
         Total |   6711 |   6559 |    152 |   2270 |   3407 |   8 |  838.9 |
       Dungeon |   6629 |   6477 |    152 |   2270 |   3341 |   7 |  947.0 |
         Abyss |     82 |     82 |      0 |      0 |     66 |   1 |   82.0 |
               +--------+--------+--------+--------+--------+-----+--------+

Top non-repeatable levels by time:
     D:5: 1527 daAuts
     D:1: 1516 daAuts
     D:4: 1407 daAuts
     D:3: 691 daAuts
     D:2: 640 daAuts
     D:7: 549 daAuts
     D:6: 296 daAuts
 Abyss:1: 82 daAuts

Table legend:
 A = Kills in this place as a percentage of kills in entire the game.
 B = Kills by you in this place as a percentage of kills by you in the entire game.
 C = Kills by friends in this place as a percentage of kills by friends in the entire game.
 D = Other kills in this place as a percentage of other kills in the entire game.
 E = Experience gained in this place as a percentage of experience gained in the entire game.
 F = Experience gained in this place divided by the number of levels of this place that you have seen.
                   A       B       C       D       E      F
               +-------+-------+-------+-------+-------+----------------------
         Total | 100.0 | 100.0 |   N/A |   N/A | 100.0 | 220.0
       Dungeon | 100.0 | 100.0 |   N/A |   N/A | 100.0 | 251.4
               +-------+-------+-------+-------+-------+----------------------

Action                   |  1- 3 |  4- 6 |  7- 9 || total
-------------------------+-------+-------+-------++-------
Melee: Falchion          |    52 |   110 |    44 ||   206
       Constrict         |    22 |    35 |     6 ||    63
       Tentacles         |    15 |    30 |    17 ||    62
       Long sword        |       |       |     8 ||     8
Invok: Depart the Abyss  |     1 |       |       ||     1
Evoke: Wand              |       |       |    13 ||    13
  Use: Scroll            |       |       |     4 ||     4
       Potion            |       |       |     3 ||     3
 Stab: Sleeping          |     3 |     6 |     4 ||    13
       Paralysed         |       |       |     7 ||     7
Armor: Skin              |     5 |     4 |     4 ||    13
Dodge: Dodged            |    36 |    73 |    38 ||   147
       Rpst.: Falchion   |    15 |    21 |     8 ||    44
       Long sword        |       |       |     5 ||     5

Vanquished Creatures
  A basilisk (D:7)
  A water moccasin (D:7)
  An ice beast (D:7)
  A necrophage (D:5)
  A centaur (D:7)
  A phantom (D:7)
  A bullfrog (D:7)
  A water moccasin zombie (D:5)
  A scorpion (D:4)
  2 hounds
  2 jellies
  A centaur zombie (D:5)
  A centaur skeleton (D:4)
  Jessica (D:2)
  2 iguanas (D:5)
  An orc wizard (D:4)
  A scorpion zombie (D:5)
  7 adders
  4 gnolls (D:2)
  A worm (D:3)
  A dart slug (D:1)
  6 orcs
  4 endoplasms (D:2)
  3 giant cockroaches
  6 goblins
  12 hobgoblins
  11 jackals
  3 kobolds
  4 quokkas
  8 ball pythons
  6 bats
  4 frilled lizards
  3 rats
103 creatures vanquished.
